 Dungeon Crawl Stone Soup version 0.19.0-20-gbc5f0c6 (webtiles) character file.

14045 leglesslizard the Cleaver (level 11, -7/150 HPs)
             Began as a Deep Dwarf Berserker on Nov 16, 2016.
             Was a Priest of Trog.
             Mangled by a death yak (15 damage)
             ... on level 5 of the Lair of Beasts.
             The game lasted 00:55:10 (9284 turns).

leglesslizard the Cleaver (Deep Dwarf Berserker)    Turns: 9284, Time: 00:55:12

Health: -7/150     AC: 16    Str: 31    XL:     11   Next: 83%
Magic:  3/3        EV: 12    Int:  8    God:    Trog [***...]
Gold:   572        SH:  0    Dex: 12    Spells: 0 memorised, 10 levels left

rFire  . . .     SeeInvis .     T - +2 battleaxe (chop)
rCold  . . .     Gourm    +     U - +3 chain mail
rNeg   . . .     Faith    .     (shield currently unavailable)
rPois  .         Spirit   .     (no helmet)
rElec  .         Reflect  .     (no cloak)
rCorr  .         Harm     .     (no gloves)
MR     +....                    A - +0 pair of boots
Stlth  ..........               k - amulet of the gourmand
                                E - +2 ring of strength
                                h - ring of stealth

@: berserking (expiring), non-regenerating, very quick
A: damage resistance, recharge devices, sense surroundings 2, slow regeneration
3
a: Device Recharging, Berserk, Trog's Hand, Burn Spellbooks, Renounce Religion


You were on level 5 of the Lair of Beasts.
You worshipped Trog.
Trog was most pleased with you.
You were full.

You visited 2 branches of the dungeon, and saw 12 of its levels.
You also visited: Ossuary.

You collected 572 gold pieces.

Inventory:

Hand Weapons
 a - a +1 hand axe
 b - a +0 war axe
 t - a -2 mace
 I - a +0 hunting sling of flaming
 T - a +2 battleaxe of chopping (weapon)
Missiles
 J - 46 sling bullets
 L - 146 stones (quivered)
Armour
 p - a +4 scale mail
 A - a +0 pair of boots (worn)
 U - a +3 chain mail (worn)
Jewellery
 h - a ring of stealth (left hand)
 k - an amulet of the gourmand (around neck)
 E - a +2 ring of strength (right hand)
 X - an uncursed amulet of guardian spirit
Wands
 c - a wand of heal wounds (2/9)
 u - a wand of slowing (30/48)
 F - a wand of lightning (0/15)
 M - a wand of slowing (30/48)
 Q - a wand of lightning (10/15)
 W - a wand of acid (13/15)
Scrolls
 e - 9 scrolls of remove curse
 f - 2 scrolls of teleportation
 l - 2 scrolls of amnesia
 n - 11 scrolls of identify
 o - a scroll of enchant armour
 q - 5 scrolls of noise {unknown}
 x - 5 scrolls of immolation {unknown}
 y - a scroll of recharging {unknown}
 B - 5 scrolls of enchant weapon
 C - a scroll of torment {unknown}
 N - a scroll of blinking {unknown}
 O - a scroll of fear {unknown}
 P - a scroll of vulnerability {unknown}
Potions
 g - a potion of agility
 i - a potion of cure mutation {unknown}
 j - 4 potions of curing
 m - a potion of magic
 s - 2 potions of flight
 v - 2 potions of cancellation
 w - a potion of lignification
 z - 2 potions of brilliance
 D - 3 potions of heal wounds {unknown}
 G - 3 potions of degeneration {unknown}
 H - a potion of ambrosia {unknown}
 K - a potion of beneficial mutation {unknown}
 R - a potion of haste {unknown}
Comestibles
 d - 6 bread rations
 V - a meat ration


   Skills:
 + Level 7.0 Fighting
 + Level 12.8 Axes
 + Level 6.5 Throwing
 + Level 10.1 Armour
 + Level 6.3 Dodging
 + Level 3.9 Stealth
 + Level 5.0 Evocations


You had 10 spell levels left.
You didn't know any spells.

Dungeon Overview and Level Annotations

Branches:
Dungeon (8/15)             Temple (0/1) D:7            Lair (5/6) D:8
  Swamp: Lair:2-4    Shoals: Lair:2-4     Snake: Lair:2-4    Spider: Lair:2-4
  Slime: Lair:5-6

Altars:
Elyvilon
Fedhas
Okawaru
Trog

Shops:
D:8 }


Innate Abilities, Weirdness & Mutations

You are resistant to damage.
You can recharge devices by infusing magical energy.
You passively map the area around you.
You do not regenerate.


Message History

You slice the death yak!! You hit the death yak.
The death yak barely misses you.
You slash the death yak!
The death yak is heavily wounded.
You slash the death yak! x2; You hit the death yak.
You kill the death yak!
Trog accepts your kill.
Your Fighting skill increases to level 7!
You slash the death yak! The death yak closely misses you.
The death yak gores you!!
* * * LOW HITPOINT WARNING * * *
The death yak gores you!
* * * LOW HITPOINT WARNING * * *
You completely miss the death yak.
The death yak is heavily wounded.
You slash the death yak! You completely miss the death yak.
You hit the death yak but do no damage.
The death yak gores you but does no damage.
The death yak gores you!
You die...

, , , #...##........,
, * #...<......., ,
,, ., * #...........
* ,.. ###....P...PP≈
*
...####..#.......≈≈≈
,**
......#..........≈≈≈
≈ , ,,
,...(....P.........≈≈
≈ ,,,
,....((Y†Y.###.....P≈
≈ ,...#†@Y.# ......P
≈ * ,*..>.P.Y....#
.#...≈P ≈ * ,
#.......##....P...≈≈
* #.......# ..P.....≈
≈≈≈ ....#P.##,##....
≈ ≈ #..###.,* * P...,
≈≈≈≈ * , ##. #. ... ≈
, * ., #P ,,.. *, ,
,* , , , , ,,,* , ,


You could see 4 death yaks.

Vanquished Creatures
  A hydra (Lair:4)
  2 death yaks (Lair:5)
  A hill giant (D:6)
  Pikel (D:6)
  A manticore (D:8)
  Joseph (D:8)
  A spiny frog (Lair:2)
  4 rime drakes
  5 komodo dragons
  A hornet (D:7)
  A polar bear (Lair:4)
  Grinder (D:5)
  4 hippogriffs
  A spriggan (Lair:4)
  4 yaks (Lair:4)
  5 wyverns
  A human (D:8)
  Menkaure (Ossuary)
  Edmund (D:6)
  Duvessa (D:5)
  4 water moccasins
  A sky beast (D:6)
  5 porcupines
  3 slaves (D:6)
  2 black bears
  An orc warrior (D:7)
  The ghost of Cokeysmoke the Skirmisher, an amateur HOTm of Trog (D:3)
  6 ogres
  2 centaurs
  6 wolves (Lair:4)
  5 crocodiles
  6 bullfrogs
  Dowan (D:5)
  A scorpion (D:5)
  8 electric eels
  2 lava snakes (D:8)
  A crimson imp (D:6)
  A howler monkey (D:8)
  3 bullfrog zombies
  A quasit (D:7)
  3 jellies
  6 hounds
  2 orc priests
  Crazy Yiuf (D:3)
  3 orc wizards
  4 iguanas
  4 worker ants
  A hound zombie (D:5)
  A mummy (Ossuary)
  10 adders
  3 shadow imps
  2 adder skeletons
  4 worms
  A dart slug (D:1)
  5 leopard geckos
  10 orcs
  2 giant cockroaches
  2 gnoll zombies (Ossuary)
  5 goblins
  4 hobgoblins
  3 jackals (D:6)
  4 quokkas
  A ball python (D:1)
  2 bats
  2 frilled lizards
  3 gnoll skeletons (Ossuary)
  A goblin skeleton (Ossuary)
  A goblin zombie (Ossuary)
  A hobgoblin skeleton (Ossuary)
  A hobgoblin zombie (Ossuary)
  8 kobolds
  2 kobold zombies (Ossuary)
  A leopard gecko skeleton (D:4)
  2 orc skeletons (Ossuary)
  3 orc zombies (Ossuary)
  2 quokka skeletons (D:5)
  A quokka zombie (D:8)
  6 rats
  A rat skeleton (Ossuary)
  5 rat zombies (Ossuary)
  A fungus (Lair:4)
  3 plants
225 creatures vanquished.

Vanquished Creatures (others)
  2 mummies (Ossuary)
  An orc (D:6)
  A gnoll skeleton (Ossuary)
  2 gnoll zombies (Ossuary)
  A goblin skeleton (Ossuary)
  4 goblin zombies (Ossuary)
  5 hobgoblin skeletons (Ossuary)
  A kobold skeleton (Ossuary)
  2 kobold zombies (Ossuary)
  6 orc skeletons (Ossuary)
  3 orc zombies (Ossuary)
  3 rat skeletons (Ossuary)
  2 plants (D:5)
33 creatures vanquished.

Grand Total: 258 creatures vanquished

Notes
Turn   | Place    | Note
-------+----------+-------------------------------------------
     0 | D:1      | leglesslizard the Deep Dwarf Berserker began the quest for the Orb.
     0 | D:1      | Reached XP level 1. HP: 20/20 MP: 1/1
   134 | D:1      | Reached XP level 2. HP: 21/27 MP: 2/2
   673 | D:2      | Found an iron altar of Okawaru.
   689 | D:2      | Reached skill level 4 in Axes
   720 | D:2      | Reached XP level 3. HP: 11/33 MP: 3/3
   948 | D:2      | Reached XP level 4. HP: 37/40 MP: 4/4
  1052 | D:2      | Reached ** piety under Trog
  1656 | D:3      | Noticed Cokeysmoke's ghost (amateur HOTm)
  1669 | D:3      | Killed Cokeysmoke's ghost
  1669 | D:3      | Reached skill level 5 in Axes
  1669 | D:3      | Reached skill level 1 in Stealth
  1669 | D:3      | Reached skill level 1 in Evocations
  1669 | D:3      | Reached XP level 5. HP: 49/49 MP: 4/6
  1761 | D:3      | Found a runed door.
  1765 | D:3      | Noticed Crazy Yiuf
  1771 | D:3      | Killed Crazy Yiuf
  2088 | D:4      | Noticed an ogre
  2101 | D:4      | Killed an ogre
  2101 | D:4      | Reached skill level 1 in Throwing
  2101 | D:4      | Reached XP level 6. HP: 22/56 MP: 5/5
  2124 | D:4      | Reached skill level 6 in Axes
  2715 | D:5      | Entered Level 5 of the Dungeon
  2750 | D:5      | Noticed Grinder
  2770 | D:5      | Killed Grinder
  2770 | D:5      | Reached XP level 7. HP: 40/62 MP: 6/6
  3249 | D:5      | Noticed Duvessa
  3251 | D:5      | Noticed Dowan
  3259 | D:5      | Killed Duvessa
  3259 | D:5      | Reached skill level 7 in Axes
  3259 | D:5      | Reached XP level 8. HP: 70/70 MP: 7/7
  3269 | D:5      | Killed Dowan
  3794 | D:5      | Reached skill level 5 in Armour
  3983 | D:6      | Noticed Pikel
  4006 | D:6      | Killed Pikel
  4006 | D:6      | Reached skill level 8 in Axes
  4006 | D:6      | Gained mutation: You passively map the area around you. [Deep Dwarf growth]
  4006 | D:6      | Reached XP level 9. HP: 78/78 MP: 7/7
  4052 | D:6      | Noticed a hill giant
  4069 | D:6      | Killed a hill giant
  4069 | D:6      | Reached skill level 9 in Axes
  4069 | D:6      | Reached skill level 5 in Dodging
  4176 | D:6      | Noticed Edmund
  4203 | D:6      | Killed Edmund
  4203 | D:6      | Reached *** piety under Trog
  4285 | D:6      | Found a sand-covered staircase.
  4381 | D:6      | Found a bloodstained altar of Trog.
  4479 | D:6      | Found a white marble altar of Elyvilon.
  4480 | D:6      | Found a blossoming altar of Fedhas.
  4522 | Ossuary  | Entered an ossuary
  4744 | Ossuary  | Noticed Menkaure
  4751 | Ossuary  | Killed Menkaure
  5064 | D:7      | Reached skill level 5 in Fighting
  5186 | D:7      | Paralysed by a hornet for 3 turns
  5191 | D:7      | Reached skill level 5 in Throwing
  5215 | D:7      | Found a staircase to the Ecumenical Temple.
  5516 | D:8      | Noticed a manticore
  5619 | D:8      | Reached skill level 10 in Axes
  5619 | D:8      | Reached XP level 10. HP: 72/88 MP: 6/6
  5688 | D:8      | Reached **** piety under Trog
  5711 | D:8      | Noticed Joseph
  5730 | D:8      | Killed Joseph
  5839 | D:8      | Found a staircase to the Lair.
  6081 | D:8      | Found Zion's Gadget Emporium.
  6230 | D:8      | Killed a manticore
  6611 | D:8      | Received a gift from Trog
  6701 | Lair:1   | Entered Level 1 of the Lair of Beasts
  7689 | Lair:2   | Noticed a spiny frog
  7702 | Lair:2   | Killed a spiny frog
  7702 | Lair:2   | Reached skill level 11 in Axes
  8040 | Lair:2   | Reached XP level 11. HP: 70/97 MP: 3/3
  8164 | Lair:2   | You fall through a shaft for 2 floors!
  8344 | Lair:4   | Received a gift from Trog
  8726 | Lair:4   | Reached skill level 12 in Axes
  8765 | Lair:4   | Reached skill level 5 in Evocations
  8916 | Lair:4   | Noticed a six-headed hydra
  8934 | Lair:4   | Killed a 15-headed hydra
  9267 | Lair:5   | Noticed a death yak
  9267 | Lair:5   | Noticed a death yak
  9269 | Lair:5   | Noticed a death yak
  9269 | Lair:5   | Noticed a death yak
  9270 | Lair:5   | Noticed a death yak
  9271 | Lair:5   | Noticed a death yak
  9282 | Lair:5   | Killed a death yak
  9282 | Lair:5   | Reached skill level 10 in Armour
  9283 | Lair:5   | Killed a death yak
  9284 | Lair:5   | Mangled by a death yak

Skill      XL: |  1  2  3  4  5  6  7  8  9 10 11 |
---------------+----------------------------------+-----
Axes           | 4 5 6 7 8 10 11 12 | 12.8
Fighting       | 3 4 5 6 7 |  7.0
Armour         | 3 4 5 7 8 10 | 10.1
Dodging        | 3 4 5 6 |  6.3
Stealth        | 1 2 3 |  3.9
Evocations     | 1 2 3 4 5 |  5.0
Throwing       | 1 2 3 4 5 6 |  6.5

Action                   |  1- 3 |  4- 6 |  7- 9 | 10-12 || total
-------------------------+-------+-------+-------+-------++-------
Melee: Hand axe          |   106 |    86 |   206 |       ||   398
       War axe           |       |       |   143 |   203 ||   346
       Battleaxe         |       |       |       |   157 ||   157
Throw: Tomahawk          |       |    36 |    71 |    48 ||   155
       Stone             |       |       |       |    12 ||    12
Invok: Trog's Hand       |       |     3 |     9 |    17 ||    29
       Berserk           |       |     2 |     7 |     5 ||    14
       Burn Spellbooks   |       |       |       |     1 ||     1
 Abil: Device Recharging |       |     2 |     5 |     4 ||    11
Evoke: Wand              |     4 |     4 |    21 |    18 ||    47
  Use: Scroll            |       |     6 |     6 |     1 ||    13
       Potion            |       |       |    11 |     5 ||    16
 Stab: Sleeping          |     1 |     1 |     1 |     2 ||     5
  Eat: Meat ration       |       |     2 |     4 |     1 ||     7
       Beef jerky        |       |       |     2 |       ||     2
       Pizza             |       |       |       |     8 ||     8
       Royal jelly       |       |       |       |     1 ||     1
       Bread ration      |       |       |       |     1 ||     1
Armor: Ring mail         |    34 |    13 |       |       ||    47
       Scale mail        |       |    14 |   161 |    85 ||   260
       Chain mail        |       |       |       |   112 ||   112
Dodge: Dodged            |    65 |    44 |   242 |   243 ||   594
